Map: Prion Terraces

Players

쭌이 - Winner!

  • Race: Terran Terran
  • League: Diamond

ILLBdA

  • Race: Protoss Protoss
  • League: Diamond

VOD

Have the link to the VOD?

Description

Time

  • Played on: Dec. 15, 2015, 11:12 p.m.
  • Length: 4:35
Show
View Real Time Build Order
Export as new Build Order

쭌이 Terran - Winner!

Build Orders: Reaper Expand 

Get SALT Encoding   

  12  0:00  SCV  
  13  0:13  SCV  
  14  0:17  Supply Depot  
  14  0:25  SCV  
  15  0:39  SCV  
  15  0:40  Barracks  
  16  0:45  Refinery  
  16  0:51  SCV  
  17  1:03  SCV  
  18  1:15  SCV  
  19  1:27  Orbital Command  
  19  1:29  Reaper  
  20  1:39  Command Center  
  20  1:49  Barracks  
  20  1:55  SCV  
  20  2:00  Supply Depot  
  21  2:03  Barracks Reactor  
  21  2:07  SCV  
  22  2:16  Barracks  
  22  2:20  SCV  
  23  2:32  SCV  
  24  2:40  Barracks Tech Lab  
  24  2:42  Marine x2  
  24  2:44  SCV  
  26  2:53  Orbital Command  
  26  2:57  SCV  
  27  3:02  Marine x2  
  27  3:04  Bunker, Marauder  
  31  3:11  Bunker  
  31  3:13  Marine  
  31  3:20  Marine  
  31  3:21  Marine  
  31  3:25  Marine  
  33  3:33  Bunker  
  33  3:42  Marine  
  33  3:44  Marauder  
  33  3:48  Marine x2  
  36  3:50  SCV  
  37  4:03  SCV  
  37  4:06  Orbital Command  
  37  4:08  Supply Depot  
  38  4:10  Supply Depot  
Show
View Real Time Build Order
Export as new Build Order

ILLBdA Protoss 

Build Orders: Dark Templar Rush 

Get SALT Encoding   

  12  0:01  Probe (Chrono Boost)  
  13  0:12  Probe (Chrono Boost)  
  14  0:22  Pylon  
  14  0:23  Probe (Chrono Boost)  
  15  0:40  Probe (Chrono Boost)  
  15  0:41  Gateway  
  16  0:51  Probe (Chrono Boost)  
  16  0:52  Assimilator  
  16  0:56  Assimilator  
  17  1:01  Probe (Chrono Boost)  
  18  1:12  Probe (Chrono Boost)  
  19  1:21  Pylon  
  19  1:22  Probe (Chrono Boost)  
  20  1:29  Cybernetics Core  
  20  1:33  Probe (Chrono Boost)  
  21  1:43  Probe (Chrono Boost)  
  22  1:54  Probe (Chrono Boost)  
  23  2:05  Mothership Core (Chrono Boost)  
  23  2:06  Adept (Chrono Boost)  
  23  2:07  Warp Gate (Chrono Boost)  
  27  2:14  Twilight Council  
  27  2:18  Pylon  
  29  2:30  Adept (Chrono Boost)  
  27  2:51  Dark Shrine  
  27  2:53  Gateway, Adept (Chrono Boost)  
  27  2:56  Pylon  
  29  3:02  Pylon  
  29  3:12  Pylon  
  29  3:35  Gateway  
  27  4:13  Dark Templar x2  
  29  4:19  Pylon  
Tags
 
Add a new tag
Caveats
  • Supply blocks, unpowered buildings, or Contaminate may cause inaccurate times.
  • Supply counts are checked every 10 seconds.